 Dungeon Crawl Stone Soup version 0.20.1-1-g8b1a95d (webtiles) character file.

202 equalderp2856 the Covered (level 5, -4/46 HPs)
             Began as a Minotaur Fighter on July 23, 2017.
             Killed from afar by an orc wizard (7 damage)
             ... with a puff of frost
             ... on level 3 of the Dungeon.
             The game lasted 00:07:37 (3712 turns).

equalderp2856 the Covered (Minotaur Fighter)        Turns: 3712, Time: 00:07:37

Health: -4/46      AC:  9    Str: 20    XL:     5   Next: 50%
Magic:  4/4        EV:  4    Int:  5    God:
Gold:   129        SH: 14    Dex: 13    Spells: 1/4 levels left

rFire    . . .     SeeInvis .   a - +0 war axe
rCold    . . .     Gourm    .   l - +0 large shield
rNeg     . . .     Faith    .   m - +0 chain mail (curse)
rPois    .         Spirit   .   (helmet restricted)
rElec    .         Reflect  .   (no cloak)
rCorr    .         Harm     .   (no gloves)
MR       .....                  (no boots)
Stlth    ..........             (no amulet)
Regen    0.6/turn               (no ring)
MPRegen  0.1/turn               (no ring)

@: no status effects
A: retaliatory headbutt, horns 2, agile 1, low mp 1, regeneration 1
a: no special abilities


You were on level 3 of the Dungeon.
You were very hungry.

You visited 1 branch of the dungeon, and saw 4 of its levels.

You collected 129 gold pieces.

Inventory:

Hand Weapons
 a - a +0 war axe (weapon)
Missiles
 i - 127 stones (quivered)
 t - 53 bolts
Armour
 b - a +0 scale mail
 c - a +0 shield
 l - a +0 large shield (worn)
 m - a cursed +0 chain mail (worn)
 x - a +0 robe
Jewellery
 e - an uncursed ring of fire {unknown}
 y - a cursed ring of fire {unknown}
Scrolls
 j - a scroll of enchant weapon {unknown}
 k - 2 scrolls of amnesia {unknown}
 n - a scroll of noise {unknown}
 p - a scroll of fog {unknown}
 q - a scroll of enchant armour {unknown}
 v - a scroll of blinking {unknown}
 z - a scroll of recharging {unknown}
 C - a scroll of identify {unknown}
Potions
 d - 2 potions of might
 g - a potion of heal wounds {unknown}
 u - 4 potions of curing {unknown}
Books
 r - a book of Cantrips

   Spells                             Type                      Level
   a - Confusing Touch                Hexes                        1
   b - Animate Skeleton               Necromancy                   1
   c - Summon Small Mammal            Summoning                    1
   d - Apportation                    Translocation                1
 A - a book of Callings

   Spells                             Type                      Level
   a - Summon Small Mammal            Summoning                    1
   b - Call Imp                       Summoning                    2
   c - Call Canine Familiar           Summoning                    3
   d - Summon Guardian Golem          Hexes/Summoning              3
   e - Summon Lightning Spire         Summoning/Air                4
   f - Summon Ice Beast               Ice/Summoning                4
Comestibles
 f - 3 bread rations
 h - 3 fruits
 o - 2 royal jellies
 w - a meat ration


   Skills:
 + Level 4.2 Fighting
 + Level 4.2 Axes
 + Level 4.7 Armour
 + Level 0.7 Dodging
 + Level 4.7 Shields
 * Level 0.4 Spellcasting
 * Level 0.8 Summonings


You had one spell level left.
You knew the following spells:

 Your Spells              Type           Power        Failure   Level  Hunger
a - Summon Small Mammal   Summ           #...         100%        1    ##.....
b - Call Imp              Summ           #.......     100%        2    ###....


Dungeon Overview and Level Annotations

Branches:
Dungeon (4/15)
 Temple: D:4-7

Altars:
Ru
Yredelemnul


Innate Abilities, Weirdness & Mutations

You reflexively headbutt those who attack you in melee.
You have a pair of horns on your head.
You are agile. (Dex +2)
Your magical capacity is low. (-10% MP)
Your natural rate of healing is unusually fast.


Message History

The magic dart hits you!
* * * LOW HITPOINT WARNING * * *
The orc wizard gestures at you while chanting.
The puff of frost hits you!
* * * LOW HITPOINT WARNING * * *
Your shield and chain mail prevent you from hitting the orc wizard.
Your headbutt misses the orc wizard.
The orc wizard is severely wounded.
The orc wizard hits you but does no damage.
The orc wizard casts a spell.
The orc wizard flickers and vanishes!
Deactivating autopickup; reactivate with Ctrl-A.
You miss something. You headbutt something.
Something hits you but does no damage. You block something's attack.
Your shield and chain mail prevent you from hitting something.
Something hits you but does no damage.
You hear some strange, mumbled words.
A puff of frost appears from out of thin air!
The puff of frost hits you!
You die...

### #.# #.####
########## ### #....#
.........# #.#####.##.#
.........####....##.##.#
............#†##.##.##.#
#####÷#.#####.##.##.##.#
.............>##@##.#..#
###........##.##{##.#.##
# #.#..........oo##.#.#
# #.###o#..##.#oO##.#.#
###.................#.#
...........#....#####.#
..)........#....# #.#
.......###.##.#.# #.#
.......##.......# #.#


You could see an ogre, an orc priest and 2 orcs.

Vanquished Creatures
  A scorpion (D:3)
  A hound (D:3)
  A worker ant (D:4)
  3 adders
  2 oozes
  A dart slug (D:1)
  A leopard gecko (D:1)
  An orc (D:3)
  10 bats
  3 giant cockroaches
  4 goblins
  9 hobgoblins
  5 quokkas
  2 ball pythons
  5 frilled lizards
  4 kobolds
  8 rats
61 creatures vanquished.

Notes
Turn   | Place    | Note
-------+----------+-------------------------------------------
     0 | D:1      | equalderp2856 the Minotaur Fighter began the quest for the Orb.
     0 | D:1      | Reached XP level 1. HP: 19/19 MP: 0/0
   352 | D:1      | Reached XP level 2. HP: 27/27 MP: 1/1
  1088 | D:2      | Reached XP level 3. HP: 33/33 MP: 2/2
  1327 | D:2      | Found a basalt altar of Yredelemnul.
  1637 | D:2      | Learned a level 1 spell: Summon Small Mammal
  2065 | D:3      | Noticed a scorpion
  2083 | D:3      | Killed a scorpion
  2083 | D:3      | Reached XP level 4. HP: 14/40 MP: 3/3
  2465 | D:3      | Found a sacrificial altar of Ru.
  3084 | D:3      | Learned a level 2 spell: Call Imp
  3092 | D:4      | Reached XP level 5. HP: 45/46 MP: 4/4
  3154 | D:4      | Noticed an ogre
  3523 | D:4      | Noticed an ogre
  3707 | D:3      | Gained mutation: You are clumsy. (Dex -2) [potion of mutation]
  3707 | D:3      | Gained mutation: You have a pair of large horns on your head. [potion of mutation]
  3708 | D:3      | Lost mutation: You have a pair of large horns on your head. [potion of mutation]
  3708 | D:3      | Lost mutation: You are clumsy. (Dex -2) [potion of mutation]
  3708 | D:3      | Gained mutation: You have sharp fingernails. [potion of mutation]
  3708 | D:3      | Gained mutation: You have very sharp teeth. [potion of mutation]
  3708 | D:3      | Gained mutation: You can translocate small distances at will. [potion of mutation]
  3709 | D:3      | Lost mutation: You can translocate small distances at will. [potion of mutation]
  3709 | D:3      | Lost mutation: You have sharp fingernails. [potion of mutation]
  3709 | D:3      | Lost mutation: You have very sharp teeth. [potion of mutation]
  3709 | D:3      | Gained mutation: You are agile. (Dex +2) [potion of mutation]
  3709 | D:3      | Gained mutation: Your magical capacity is low. (-10% MP) [potion of mutation]
  3709 | D:3      | Gained mutation: Your natural rate of healing is unusually fast. [potion of mutation]
  3709 | D:3      | HP: 1/46 [orc wizard/puff of frost (8)]
  3712 | D:3      | Killed from afar by an orc wizard

Skill      XL: |  1  2  3  4 |
---------------+-------------+-----
Armour         | 4 |  4.7
Fighting       | 4 |  4.2
Axes           | 3 4 |  4.2
Shields        | 4 |  4.7
Dodging        | |  0.7
Spellcasting   | |  0.4
Summonings     | |  0.8

Action                   |  1- 3 |  4- 6 || total
-------------------------+-------+-------++-------
Melee: War axe           |    91 |    85 ||   176
       Headbutt          |    10 |     7 ||    17
 Cast: Summon Small Mamm |       |     3 ||     3
  Use: Potion            |       |     3 ||     3
  Eat: Chunk             |     3 |     5 ||     8
Armor: Scale mail        |    53 |    19 ||    72
       Chain mail        |       |    32 ||    32
Dodge: Dodged            |    27 |    14 ||    41
Block: Shield            |    17 |       ||    17
       Large shield      |    58 |   106 ||   164
